 Dungeon Crawl Stone Soup version 0.28.0-45-g0d030f2227 (webtiles) character file.

Game seed: 6043750593262577690

767 DasRunzen the Ducker (level 8, -4/58 HPs)
             Began as a Djinni Fire Elementalist on Apr 1, 2022.
             Was an Initiate of Qazlal.
             Slain by Duvessa
             ... wielding a +0 short sword
              (7 damage)
             ... on level 5 of the Dungeon.
             The game lasted 00:09:53 (6160 turns).

DasRunzen the Ducker (Djinni Fire Elementalist)     Turns: 6160, Time: 00:09:53

Health: -4/58      AC:  4    Str:  7    XL:     8   Next: 9%
Gold:   229        EV: 14    Int: 19    God:    Qazlal [......] SH:  0 Dex: 14

rFire   + + .      SeeInvis .   b - +0 dagger (venom)
rCold   x . .      Faith    .   (no shield)
rNeg    . . .      Spirit   .   a - +2 robe
rPois   ∞          Reflect  .   (no helmet)
rElec   .          Harm     .   (no cloak)
rCorr   .          Rampage  .   (no gloves)
Will    .....                   (boots unavailable)
Stlth   ++........              (no amulet)
HPRegen 0.19/turn               (no ring)
MPRegen 0.00/turn               (no ring)

@: flying
A: sickness immunity, fire resistance 2, cold vulnerability 1, float, innate
caster, HP casting, extra vitality 1
a: Renounce Religion


You were on level 5 of the Dungeon.
You worshipped Qazlal.
Qazlal was noncommittal.
You visited 2 branches of the dungeon, and saw 6 of its levels.

You collected 229 gold pieces.

Inventory:

Hand Weapons
 b - a +0 dagger of venom (weapon)
 d - a +2 mace of holy wrath
Missiles
 c - a throwing net
Armour
 a - a +2 robe (worn)
Wands
 j - a wand of mindburst (17)
Scrolls
 e - 2 scrolls of teleportation
 k - a scroll of summoning
Potions
 f - a potion of invisibility
 g - 4 potions of curing
 h - 3 potions of berserk rage
 i - a potion of heal wounds


   Skills:
 + Level 3.9 Fighting
 + Level 3.9 Armour
 + Level 5.0 Dodging
 - Level 1.5 Stealth
 + Level 4.0 Spellcasting


You couldn't memorise any spells.
You knew the following spells:

 Your Spells              Type           Power      Damage    Failure   Level
a - Foxfire               Conj/Fire      76%        2x1d7     2%          1
b - Scorch                Fire           38%        2d7       4%          2
c - Conjure Flame         Conj/Fire      19%        6-21      8%          3
d - Inner Flame           Hex/Fire       19%        N/A       8%          3
e - Flame Wave            Conj/Fire      19%        2d6       26%         4
f - Sandblast             Erth           38%        2d10      2%          1
g - Passwall              Tmut/Erth      15%        N/A       4%          2
h - Static Discharge      Conj/Air       19%        N/A       4%          2
Your spell library was empty.

Dungeon Overview and Level Annotations

Branches:
Dungeon (5/15)             Temple (1/1) D:4

Altars:
Ashenzari
Cheibriados
Dithmenos
Elyvilon
Fedhas
Gozag
Hepliaklqana
Makhleb
Okawaru
Qazlal
Ru
Sif Muna
Trog
Uskayaw
Wu Jian
Xom
Zin
The Shining One

Annotations:
D:5 Duvessa


Innate Abilities, Weirdness & Mutations

You are immune to sickness and miasma.
You are immune to poison.
Your flesh is very heat resistant. (rF++)
You are vulnerable to cold. (rC-)
You float through the air rather than walking.
You learn spells naturally, not from books.
Your magical power is your life essence.
You have superior vitality. (+4 MHP)


Message History

Casting: Inner Flame (dangerous; 8% risk of failure)
Confirm with . or Enter, or press ? or * to list all spells.
Flames lash Duvessa.
Duvessa is lightly wounded.
Duvessa's fire resistance burns away.
Duvessa goes berserk!
Casting: Scorch (safe; 4% risk of failure)
Confirm with . or Enter, or press ? or * to list all spells.
Flames lash Duvessa.
Duvessa is burned terribly!
Duvessa is moderately wounded.
Duvessa misses you. Duvessa completely misses you.
Casting: Scorch (safe; 4% risk of failure)
Confirm with . or Enter, or press ? or * to list all spells.
Flames lash Duvessa.
Duvessa is burned terribly!
Duvessa is heavily wounded.
Duvessa hits you with a +0 short sword.
Casting: Scorch (safe; 4% risk of failure)
Confirm with . or Enter, or press ? or * to list all spells.
Flames lash Duvessa but do no damage.
Duvessa misses you. Duvessa hits you with a +0 short sword!
Casting: Scorch (safe; 4% risk of failure)
Confirm with . or Enter, or press ? or * to list all spells.
Flames lash Duvessa.
Duvessa is burned terribly!
Duvessa is severely wounded.
Duvessa hits you with a +0 short sword.
* * * LOW HITPOINT WARNING * * *
Casting: Scorch (safe; 4% risk of failure)
Confirm with . or Enter, or press ? or * to list all spells.
Flames lash Duvessa.
Duvessa is burned terribly!
Duvessa is severely wounded.
* * * LOW HITPOINT WARNING * * *
Duvessa hits you with a +0 short sword!
* * * LOW HITPOINT WARNING * * *
Duvessa closely misses you.
Casting: Scorch (safe; 4% risk of failure)
Confirm with . or Enter, or press ? or * to list all spells.
Flames lash Duvessa.
Duvessa is burned terribly!
Duvessa is almost dead.
* * * LOW HITPOINT WARNING * * *
Duvessa hits you with a +0 short sword!
You die...

## +!
#. #.
#.#####
+.)...#
#.###e#
#. #@#
#e #.#
+. #.#
## #.#
#.# #.#
#.# #.#
#.#


You could see Duvessa (berserk, combustible).

Vanquished Creatures
  A necrophage (D:4)
  An ogre (D:4)
  2 scorpions (D:5)
  Dowan (D:5)
  2 hounds
  An orc priest (D:3)
  A jelly (D:5)
  Ijyb (D:4)
  2 orc wizards
  2 iguanas
  A hound skeleton (D:4)
  A gnoll (D:5)
  8 adders
  An adder skeleton (D:5)
  2 dart slugs
  2 worms
  9 orcs
  2 ball pythons
  6 endoplasms
  6 giant cockroaches
  5 goblins
  4 hobgoblins (D:1)
  11 jackals
  2 kobolds
  3 quokkas
  3 bats
  4 frilled lizards
  6 rats
90 creatures vanquished.

Vanquished Creatures (others)
  380 foxfires
380 creatures vanquished.

Grand Total: 470 creatures vanquished

Notes
Turn   | Place    | Note
-------+----------+-------------------------------------------
     0 | D:1      | DasRunzen the Djinni Fire Elementalist began the quest for
                  | the Orb.
     0 | D:1      | Reached XP level 1. HP: 15/15 MP: 0/0
   181 | D:1      | Reached XP level 2. HP: 15/22 MP: 0/0
   824 | D:1      | Reached skill level 1 in Fighting
   824 | D:1      | Reached skill level 1 in Armour
   824 | D:1      | Reached XP level 3. HP: 24/27 MP: 0/0
   824 | D:1      | Learned a level 1 spell: Sandblast
  1442 | D:2      | Found a faded altar of an unknown god.
  2045 | D:2      | Reached XP level 4. HP: 25/32 MP: 0/0
  2329 | D:2      | Reached skill level 3 in Dodging
  2776 | D:3      | Reached XP level 5. HP: 33/38 MP: 0/0
  2776 | D:3      | Learned a level 2 spell: Passwall
  3668 | D:3      | Reached XP level 6. HP: 39/45 MP: 0/0
  4045 | D:4      | Noticed an ogre
  4049 | D:4      | Killed an ogre
  4050 | D:4      | Reached skill level 4 in Dodging
  4342 | D:4      | Found a blossoming altar of Fedhas.
  4396 | D:4      | Reached XP level 7. HP: 41/50 MP: 0/0
  4396 | D:4      | Learned a level 2 spell: Static Discharge
  4495 | D:4      | Noticed Ijyb
  4505 | D:4      | Killed Ijyb
  4642 | D:4      | Found a staircase to the Ecumenical Temple.
  4656 | Temple   | Entered the Ecumenical Temple
  4678 | Temple   | Became a worshipper of Qazlal Stormbringer
  5452 | D:5      | Entered Level 5 of the Dungeon
  5919 | D:5      | Reached XP level 8. HP: 50/58 MP: 0/0
  5960 | D:5      | Found a bloodstained altar of Trog.
  5960 | D:5      | Found an iron altar of Okawaru.
  5965 | D:5      | Reached skill level 5 in Dodging
  6142 | D:5      | Noticed Duvessa
  6142 | D:5      | Noticed Dowan
  6147 | D:5      | Killed Dowan
  6160 | D:5      | Slain by Duvessa

Illustrated notes

Levels and vault maps discovered:
D:1:      amcnicky_arrival_underground_garden, layout_loops_ring,
          kennysheep_flooded_box
D:2:      layout_loops_ring, hellmonk_ecumenical_altar_dog_temple,
          kennysheep_doodads
D:3:      layout_loops_ring
D:4:      layout_basic, mainiacjoe_overflow_alcove_2, temple_fountains,
          uniq_ijyb
D:5:      layout_basic, grunt_temple_overflow_bloody_war,
          mainiacjoe_overflow_24_doors, hex_large, kennysheep_donut,
          uniq_duvessa
Temple:   regret_index_temple_waves

Skill      XL: |  1  2  3  4  5  6  7  8 |
---------------+-------------------------+-----
Fighting       | 1 2 3 |  3.9
Armour         | 1 2 3 |  3.9
Dodging        | 3 4 5 |  5.0
Spellcasting   | 3 4 |  4.0
Stealth        | |  1.5

Action                   |  1- 3 |  4- 6 |  7- 9 || total
-------------------------+-------+-------+-------++-------
Melee: Dagger            |       |       |     3 ||     3
 Cast: Foxfire           |    98 |   112 |    50 ||   260
       Scorch            |       |     6 |    30 ||    36
       Conjure Flame     |       |       |     1 ||     1
       Inner Flame       |       |       |     1 ||     1
  Use: Scroll            |       |     6 |     3 ||     9
Armor: Robe              |     2 |     2 |     1 ||     5
Dodge: Dodged            |     8 |     3 |     7 ||    18
